Map: Romanticide LE

Players

Maru - Winner!

  • Race: Terran Terran
  • League: Master

DPGZest (Zest)

  • Race: Protoss Protoss

Event: DreamHack SC2 Masters 2021 Summer

VOD

Have the link to the VOD?

Description

Time

  • Played on: July 1, 2021, 12:55 p.m.
  • Length: 40:29

All games in this series

Show
View Real Time Build Order
Export as new Build Order

Maru Terran - Winner!

Build Orders: 1/1/1 

Get SALT Encoding   

  12  0:00  SCV  
  13  0:12  SCV  
  14  0:17  Supply Depot  
  14  0:24  SCV  
  15  0:39  SCV, Barracks  
  16  0:44  Refinery  
  16  0:51  SCV  
  16  0:54  Refinery  
  17  1:03  SCV  
  18  1:15  SCV  
  19  1:26  Reaper  
  19  1:27  Orbital Command  
  20  1:38  Supply Depot  
  20  1:43  Factory  
  20  1:52  SCV  
  21  2:04  SCV  
  22  2:17  SCV  
  22  2:21  Command Center  
  23  2:28  Starport  
  23  2:29  Widow Mine  
  25  2:32  SCV  
  25  2:36  Barracks Reactor  
  26  2:41  Supply Depot  
  26  2:45  SCV  
  26  2:51  Widow Mine  
  29  2:57  SCV  
  30  3:06  Medivac  
  30  3:09  SCV  
  30  3:12  Widow Mine  
  35  3:14  Marine  
  35  3:15  Bunker  
  35  3:16  Marine  
  37  3:21  SCV  
  38  3:32  Marine  
  38  3:33  SCV, Marine, Factory Tech Lab  
  40  3:41  Orbital Command  
  40  3:43  Starport Tech Lab  
  40  3:45  Refinery  
  40  3:48  SCV  
  41  3:50  Marine  
  41  3:51  Marine  
  41  3:54  Siege Tank  
  46  3:57  Supply Depot  
  47  4:02  SCV  
  47  4:08  Raven  
  47  4:09  SCV  
  50  4:14  SCV  
  50  4:15  Marine x2  
  49  4:21  SCV  
  50  4:27  SCV  
  50  4:30  Siege Tank  
  52  4:33  SCV  
  52  4:36  Supply Depot  
  53  4:39  SCV  
  53  4:45  SCV  
  55  4:50  Command Center  
  55  4:54  SCV  
  55  4:55  Raven  
  55  4:59  SCV  
  59  5:08  Siege Tank  
  59  5:10  Barracks Tech Lab  
  59  5:14  SCV  
  63  5:15  SCV  
  63  5:16  Refinery, Barracks  
  64  5:22  Barracks  
  64  5:26  SCV  
  64  5:27  Marine  
  64  5:28  Stimpack  
  66  5:29  SCV  
  66  5:32  Supply Depot  
  67  5:38  SCV, Engineering Bay x2  
  67  5:42  SCV  
  69  5:45  Marine  
  69  5:48  Starport Reactor  
  70  5:54  SCV, Siege Tank  
  70  5:55  SCV  
  75  6:00  Supply Depot  
  75  6:12  Marauder, Marine x2  
  75  6:13  Orbital Command  
  75  6:14  Terran Infantry Weapons Level 1  
  75  6:15  Terran Infantry Armor Level 1  
  75  6:18  Marauder, Combat Shield  
  81  6:19  SCV  
  81  6:23  SCV  
  83  6:28  Siege Tank, Supply Depot x2  
  86  6:35  Medivac  
  86  6:37  SCV  
  86  6:39  Marauder, Marine x2  
  93  6:46  SCV  
  94  6:50  Orbital Command  
  94  6:54  SCV  
  94  6:58  SCV  
  94  7:00  Siege Tank  
  99  7:01  Marauder x2, Marine x2  
  99  7:06  Supply Depot x2  
  99  7:07  SCV  
  106  7:10  SCV  
  107  7:16  SCV  
  107  7:19  SCV  
  107  7:20  Refinery, Marine x2  
  107  7:21  Refinery  
  111  7:23  Marauder x2  
  111  7:25  Barracks, Viking  
  111  7:27  Barracks  
  111  7:28  Viking  
  111  7:29  SCV  
  120  7:33  Missile Turret  
  120  7:35  SCV  
  121  7:39  SCV  
  121  7:42  SCV  
  122  7:47  SCV  
  122  7:49  Command Center  
  122  7:50  Concussive Shells, Supply Depot  
  123  7:51  SCV  
  123  7:56  Armory  
  123  7:57  Missile Turret  
  124  7:59  Missile Turret  
  124  8:01  Missile Turret  
  124  8:02  Medivac x2  
  124  8:04  SCV  
  124  8:05  SCV  
  130  8:07  SCV  
  131  8:13  Barracks Reactor, Barracks Tech Lab, Ghost Academy  
  131  8:16  SCV  
  131  8:18  SCV  
  131  8:19  SCV  
  134  8:21  Missile Turret  
  134  8:24  Missile Turret  
  134  8:26  Supply Depot  
  134  8:28  SCV  
  134  8:30  SCV  
  134  8:32  SCV  
  134  8:33  Siege Tank  
  140  8:40  SCV  
  141  8:43  Sensor Tower  
  141  8:44  Terran Infantry Weapons Level 2  
  141  8:46  Terran Vehicle Weapons Level 1  
  141  8:47  SCV x2, Supply Depot x2  
  143  8:49  Missile Turret  
  143  9:00  Ghost x3  
  143  9:01  Marine x3  
  143  9:02  Enhanced Shockwaves  
  152  9:15  Medivac x2  
  156  9:18  Barracks x2  
  156  9:19  Barracks  
  156  9:28  Ghost x2  
  159  9:35  Command Center  
  155  9:42  Siege Tank  
  155  9:45  Viking x2  
  162  9:47  SCV x2  
  162  9:50  Planetary Fortress  
  164  9:57  Command Center  
  164  10:07  Terran Infantry Armor Level 2, Missile Turret  
  164  10:11  Refinery, Barracks Tech Lab  
  164  10:12  Refinery, Barracks Tech Lab  
  164  10:14  Barracks Reactor, Starport  
  157  10:22  SCV x2  
  159  10:29  SCV  
  159  10:31  Liberator x2  
  163  10:45  Supply Depot  
  163  10:47  Siege Tank  
  166  10:52  Command Center  
  166  10:53  Command Center  
  166  10:55  Missile Turret  
  166  10:56  Orbital Command, Sensor Tower, Supply Depot  
  166  10:59  Terran Ship Weapons Level 1  
  166  11:01  Starport Reactor  
  166  11:02  Fusion Core  
  166  11:14  Viking x2  
  166  11:15  Ghost x2  
  174  11:24  Siege Tank  
  170  11:31  Planetary Fortress  
  165  11:36  SCV x2  
  165  11:37  SCV  
  165  11:38  Marauder, Marine x2  
  165  11:39  Marauder x2  
  176  11:40  SCV  
  176  11:41  SCV  
  176  11:44  Marauder  
  180  11:48  SCV  
  180  11:53  Advanced Ballistics, Missile Turret  
  181  11:59  Missile Turret  
  181  12:00  Terran Infantry Weapons Level 3  
  181  12:02  SCV x2  
  181  12:06  Liberator  
  186  12:09  Siege Tank  
  186  12:13  Orbital Command x2, Supply Depot  
  189  12:22  Ghost x2  
  191  12:24  Marauder  
  191  12:25  Marauder x2  
  199  12:30  Marine, Missile Turret  
  200  12:38  Personal Cloaking  
  200  12:49  Command Center  
  200  12:57  Missile Turret  
  195  13:09  Liberator x4  
  195  13:10  Ghost  
  200  13:18  Command Center  
  200  13:23  Terran Infantry Armor Level 3  
  198  13:36  Marauder x2, Marine  
  198  13:37  Marauder x2, Marine x4  
  198  13:40  Terran Ship Weapons Level 2  
  199  13:52  Command Center x2  
  199  13:53  Marine  
  200  14:09  Orbital Command  
  200  14:21  Nuke  
  200  14:22  Armory  
  200  14:25  Sensor Tower  
  200  14:42  Missile Turret x2  
  200  14:44  Command Center, Missile Turret  
  200  14:47  Missile Turret  
  200  14:56  Planetary Fortress  
  197  15:05  Refinery x2  
  197  15:08  Rapid Reignition System, Starport Reactor  
  197  15:13  Starport  
  197  15:16  Orbital Command x2  
  197  15:20  Viking  
  199  15:24  Command Center  
  199  15:39  Neosteel Armor, Command Center  
  199  15:40  Terran Vehicle And Ship Armor Level 1  
  199  15:44  Missile Turret  
  199  15:45  Missile Turret x2  
  199  15:47  Missile Turret  
  199  15:48  Missile Turret  
  199  15:58  Starport Reactor  
  199  16:00  Starport, Hi-Sec Auto Tracking  
  199  16:10  Nuke  
  199  16:14  Missile Turret  
  199  16:15  Terran Ship Weapons Level 3  
  196  16:30  Planetary Fortress  
  182  16:33  Ghost  
  182  16:34  Viking x4  
  182  16:35  Viking x2  
  193  16:45  Refinery  
  193  16:46  Command Center  
  193  16:47  Missile Turret  
  193  16:49  Missile Turret  
  193  16:55  Refinery  
  193  16:58  Starport Reactor  
  193  16:59  Missile Turret  
  193  17:00  Orbital Command x2, Missile Turret  
  193  17:01  Missile Turret  
  193  17:04  Viking x2  
  193  17:05  Sensor Tower  
  197  17:08  Viking  
  197  17:09  Missile Turret  
  199  17:22  Command Center  
  199  17:31  Viking  
  199  17:35  Missile Turret x2  
  197  17:37  Missile Turret  
  197  17:38  Missile Turret x2  
  197  17:40  Viking x2  
  197  17:41  Missile Turret  
  199  17:44  Missile Turret  
  199  17:46  Missile Turret  
  199  17:48  Terran Vehicle And Ship Armor Level 2  
  197  17:52  Viking  
  197  17:54  Nuke  
  199  17:58  Missile Turret  
  199  18:03  Marine  
  200  18:08  Command Center  
  200  18:12  Planetary Fortress  
  200  18:17  Command Center  
  200  18:19  Missile Turret x2  
  200  18:20  Missile Turret  
  197  18:35  Liberator  
  200  18:43  Missile Turret x2  
  200  18:48  Missile Turret  
  200  19:02  Missile Turret  
  198  19:12  Planetary Fortress  
  198  19:15  Missile Turret  
  197  19:17  Missile Turret  
  197  19:18  Missile Turret  
  197  19:19  Sensor Tower, Missile Turret x3  
  197  19:22  Missile Turret  
  196  19:26  Missile Turret  
  196  19:34  Missile Turret  
  196  19:35  Missile Turret x2  
  196  19:37  Nuke  
  194  19:44  Missile Turret  
  194  19:54  Sensor Tower  
  194  19:58  Terran Vehicle Weapons Level 2  
  194  20:00  Missile Turret x2  
  194  20:02  Missile Turret  
  194  20:15  Missile Turret  
  194  20:16  Command Center  
  194  20:18  Missile Turret  
  194  20:19  Liberator x2  
  200  20:27  Missile Turret  
  200  20:28  Missile Turret  
  200  20:31  Nuke  
  200  20:33  Terran Vehicle And Ship Armor Level 3  
  198  20:40  Missile Turret  
  198  20:44  Missile Turret  
  198  20:46  Orbital Command, Missile Turret x2  
  198  20:58  Sensor Tower  
  198  21:06  Ghost Academy  
  198  21:07  Ghost Academy  
  198  21:08  Ghost Academy  
  198  21:10  Missile Turret  
  198  21:11  Missile Turret x3  
  198  21:12  Missile Turret  
  173  21:56  Liberator x2  
  168  22:05  Liberator x2  
  168  22:06  Liberator  
  175  22:11  Liberator  
  175  22:13  Planetary Fortress  
  175  22:15  Liberator x2  
  166  22:24  Ghost x2  
  166  22:25  Marauder x2, Marine  
  166  22:26  Siege Tank  
  178  22:35  Terran Vehicle Weapons Level 3  
  178  22:37  Ghost  
  178  22:39  Liberator x2  
  186  22:45  Ghost, Command Center  
  186  22:48  Liberator x2  
  194  22:58  Siege Tank  
  197  23:06  Ghost  
  199  23:26  Viking  
  199  23:27  Viking  
  200  23:28  Planetary Fortress  
  196  23:58  Missile Turret  
  196  23:59  Missile Turret  
  196  24:00  Missile Turret  
  196  24:01  Command Center  
  195  24:31  Viking x2  
  199  24:54  Nuke  
  199  24:55  Nuke x3  
  199  25:06  Missile Turret  
  195  25:29  Command Center  
  195  25:30  Siege Tank  
  185  25:47  Viking x2  
  183  26:00  Viking x4  
  183  26:01  Liberator x2  
  197  26:06  Planetary Fortress  
  197  26:09  Missile Turret  
  197  26:24  Command Center  
  197  26:25  Planetary Fortress, Viking  
  196  26:40  Sensor Tower, Missile Turret  
  196  26:41  Missile Turret x4  
  196  26:42  Missile Turret  
  196  26:43  Missile Turret  
  196  26:44  Missile Turret  
  194  26:59  Unknown  
  192  27:05  Liberator  
  192  27:06  Liberator  
  195  27:34  Command Center  
  195  27:39  Planetary Fortress  
  195  27:46  Missile Turret  
  195  27:47  Sensor Tower  
  195  27:48  Missile Turret x2  
  195  27:50  Missile Turret x2  
  195  27:54  Ghost x2  
  199  27:59  Command Center  
  194  28:21  Missile Turret  
  194  28:22  Sensor Tower, Missile Turret  
  194  28:23  Missile Turret  
  194  28:40  Marauder  
  194  28:41  Marauder x2  
  200  29:00  Missile Turret x2  
  200  29:02  Nuke x4, Missile Turret x3  
  192  29:03  Missile Turret  
  192  29:04  Viking x2  
  192  29:05  Missile Turret  
  189  29:12  Viking x4  
  197  29:27  Orbital Command x2  
  197  30:00  Sensor Tower  
  197  30:03  Orbital Command, Missile Turret  
  197  30:04  Missile Turret x2  
  197  30:06  Missile Turret x3  
  197  30:07  Missile Turret x2  
  197  30:08  Missile Turret x2  
  197  30:11  Missile Turret  
  197  30:12  Missile Turret  
  194  30:24  Sensor Tower  
  194  30:28  Viking x3  
  196  30:32  Sensor Tower  
  196  30:34  Missile Turret  
  196  30:35  Missile Turret  
  200  30:49  Missile Turret  
  198  30:50  Missile Turret  
  193  31:01  Orbital Command  
  262  31:04  Viking x4  
  187  31:30  Orbital Command  
  187  32:03  Viking  
  189  32:22  Viking x2  
  193  32:23  Command Center  
  191  32:46  Liberator, Viking x5  
  192  33:21  Orbital Command  
  186  33:51  Orbital Command  
  186  33:56  Ghost x2  
  188  34:12  Missile Turret  
  188  34:17  Viking  
  177  34:46  Nuke  
  177  35:20  Liberator x2  
  177  35:21  Liberator x3  
  166  35:22  Ghost  
  150  35:33  Liberator  
  153  35:38  SCV  
  154  35:44  Orbital Command  
  156  35:50  SCV  
  156  35:53  Orbital Command  
  155  36:02  SCV  
  145  36:14  SCV  
  145  36:15  Missile Turret x3  
  145  36:17  Missile Turret  
  140  36:20  SCV  
  140  36:25  Factory  
  141  36:26  SCV  
  141  36:28  Barracks  
  141  36:29  Barracks  
  141  36:31  Barracks  
  141  36:32  SCV, Ghost Academy  
  143  36:37  Supply Depot  
  143  36:41  Orbital Command  
  143  36:46  Missile Turret  
  143  36:47  Missile Turret  
  143  36:49  Missile Turret x2  
  143  36:51  Missile Turret x2  
  143  36:54  Orbital Command  
  143  37:07  Missile Turret  
  143  37:08  Missile Turret  
  143  37:17  Missile Turret  
  143  37:21  Missile Turret  
  143  37:23  Barracks Tech Lab x3, Missile Turret  
  143  37:26  Starport, Missile Turret  
  143  37:27  Starport, Missile Turret x2  
  143  37:28  Missile Turret  
  143  37:29  Missile Turret  
  143  37:30  Missile Turret  
  143  37:53  Ghost x2  
  143  37:54  Ghost  
  143  37:57  Barracks Tech Lab  
  149  38:14  Supply Depot  
  149  38:17  Ghost  
  151  38:22  Marine x3  
  154  38:29  SCV x2  
  156  38:40  Marine x3  
  159  38:48  Supply Depot  
  159  38:49  Supply Depot  
  159  39:09  Marine x2  
  151  39:22  Liberator  
  152  39:24  Liberator  
  152  39:27  Marauder x2  
  152  39:28  Marauder x2  
Show
View Real Time Build Order
Export as new Build Order

DPGZest Protoss 

Build Orders: 1 Gate Expand, Carriers, Chargelot Immortal, Colossus Rush 

Get SALT Encoding   

  12  0:00  Probe  
  13  0:12  Probe  
  14  0:17  Pylon  
  14  0:24  Probe (Chrono Boost)  
  15  0:36  Gateway  
  15  0:37  Probe (Chrono Boost)  
  16  0:43  Probe (Chrono Boost)  
  16  0:45  Assimilator  
  17  0:51  Probe  
  18  1:03  Probe  
  19  1:15  Probe  
  20  1:23  Cybernetics Core  
  20  1:31  Nexus  
  20  1:34  Probe  
  21  1:40  Pylon  
  21  1:46  Probe  
  22  1:49  Assimilator  
  22  1:56  Stalker (Chrono Boost)  
  22  2:01  Probe (Chrono Boost)  
  25  2:07  Warp Gate  
  24  2:13  Probe (Chrono Boost)  
  25  2:19  Stalker  
  25  2:22  Probe (Chrono Boost)  
  28  2:27  Probe  
  29  2:39  Robotics Facility  
  29  2:43  Probe (Chrono Boost)  
  29  2:44  Probe (Chrono Boost)  
  31  2:46  Gateway  
  32  2:52  Probe (Chrono Boost)  
  32  2:54  Probe (Chrono Boost)  
  32  2:56  Adept  
  35  2:58  Probe  
  35  3:04  Probe  
  37  3:10  Probe  
  38  3:16  Probe  
  38  3:17  Pylon  
  39  3:22  Probe  
  39  3:26  Observer (Chrono Boost)  
  41  3:28  Probe  
  42  3:35  Probe  
  42  3:39  Observer (Chrono Boost)  
  42  3:40  Probe  
  45  3:44  Pylon  
  45  3:47  Probe, Assimilator  
  46  3:50  Robotics Bay  
  46  3:52  Probe  
  47  3:55  Stalker  
  47  3:56  Stalker  
  47  3:57  Pylon  
  47  3:59  Probe  
  52  4:04  Probe  
  52  4:05  Pylon  
  52  4:08  Assimilator  
  53  4:11  Observer, Probe  
  53  4:16  Probe  
  56  4:23  Probe  
  57  4:29  Nexus  
  57  4:33  Probe  
  57  4:35  Probe (Chrono Boost)  
  57  4:37  Observer  
  60  4:39  Colossus (Chrono Boost)  
  66  4:47  Probe (Chrono Boost)  
  66  4:49  Probe (Chrono Boost), Pylon  
  67  4:57  Probe (Chrono Boost), Extended Thermal Lance  
  67  4:58  Probe (Chrono Boost)  
  69  5:03  Probe (Chrono Boost)  
  69  5:04  Probe (Chrono Boost)  
  71  5:07  Sentry  
  71  5:11  Twilight Council  
  71  5:12  Probe, Forge  
  71  5:14  Probe  
  75  5:18  Shield Battery  
  75  5:26  Probe x2 (Chrono Boost)  
  77  5:29  Colossus  
  83  5:35  Gateway  
  83  5:38  Probe (Chrono Boost)  
  83  5:41  Probe (Chrono Boost), Charge, Assimilator  
  86  5:43  Probe (Chrono Boost)  
  86  5:44  Probe (Chrono Boost)  
  86  5:47  Protoss Ground Weapons Level 1 (Chrono Boost), Stalker  
  86  5:48  Probe  
  90  5:55  Probe x2  
  90  5:56  Assimilator  
  92  6:00  Pylon  
  92  6:03  Probe  
  92  6:13  Probe  
  92  6:15  Probe  
  94  6:21  Gateway  
  94  6:23  Probe  
  94  6:24  Gateway x2  
  94  6:25  Probe  
  96  6:27  Pylon  
  96  6:34  Stalker x3  
  96  6:36  Observer  
  96  6:37  Gateway  
  96  6:38  Pylon  
  102  6:46  Pylon  
  102  6:47  Immortal  
  102  6:50  Forge  
  106  7:03  Sentry  
  106  7:04  Sentry  
  106  7:06  Pylon  
  106  7:08  Gateway  
  110  7:11  Templar Archives  
  110  7:13  Gateway  
  110  7:14  Gateway  
  110  7:15  Pylon  
  110  7:16  Pylon  
  110  7:18  Protoss Ground Armor Level 1 (Chrono Boost)  
  110  7:26  Immortal  
  110  7:27  Blink  
  114  7:32  Psionic Storm  
  114  7:35  Observer, Protoss Ground Weapons Level 2 (Chrono Boost)  
  114  7:41  Probe x3  
  117  7:50  High Templar x2  
  121  7:52  Nexus  
  121  7:56  Pylon  
  121  8:01  Pylon  
  121  8:03  Photon Cannon  
  121  8:07  Photon Cannon  
  121  8:08  Photon Cannon  
  121  8:09  Observer, Immortal (Chrono Boost)  
  121  8:11  Pylon  
  125  8:13  High Templar x2  
  125  8:18  Gateway  
  125  8:19  Gateway  
  129  8:21  Zealot  
  129  8:26  Probe x2  
  133  8:29  Observer  
  133  8:37  High Templar x2  
  133  8:39  Immortal  
  133  8:40  Dark Shrine  
  137  8:41  Gateway  
  137  8:42  Gateway  
  137  8:46  Pylon  
  141  8:53  Observer  
  141  8:57  Nexus  
  141  8:58  Nexus  
  141  9:03  Photon Cannon  
  141  9:05  Gravitic Boosters (Chrono Boost)  
  139  9:22  Zealot x5  
  139  9:23  Zealot x2  
  153  9:26  Protoss Ground Armor Level 2 (Chrono Boost)  
  153  9:29  Warp Prism  
  155  9:35  Observer  
  155  9:45  Observer  
  155  9:46  Protoss Ground Weapons Level 3 (Chrono Boost)  
  155  9:49  Zealot x11  
  155  9:52  Zealot  
  179  9:55  Shadow Stride (Chrono Boost), Gravitic Drive  
  176  10:36  Probe x5  
  162  10:54  Assimilator  
  162  10:57  Assimilator  
  162  11:01  Photon Cannon  
  162  11:03  Photon Cannon  
  162  11:04  Dark Templar x7  
  162  11:05  Photon Cannon, Dark Templar x5  
  162  11:06  Shield Battery  
  162  11:08  Shield Battery  
  144  11:41  Archon  
  144  11:42  Archon  
  144  11:43  Dark Templar x5  
  154  11:49  Protoss Ground Armor Level 3 (Chrono Boost)  
  154  11:58  Gateway  
  154  12:00  Gateway x2  
  154  12:01  Gateway  
  154  12:03  Gateway  
  154  12:05  Gateway  
  154  12:07  Gateway  
  154  12:09  Gateway  
  154  12:11  Gateway  
  154  12:13  Gateway  
  154  12:14  Stargate  
  154  12:20  Robotics Facility x2  
  152  12:24  Probe  
  152  12:25  Probe x4  
  152  12:29  Disruptor  
  160  12:49  Protoss Shields Level 1 (Chrono Boost)  
  160  12:54  Assimilator  
  160  12:55  Assimilator  
  160  13:00  Nexus, Dark Templar x2  
  160  13:01  Pylon, Dark Templar  
  160  13:05  Assimilator  
  166  13:07  Assimilator  
  166  13:10  Disruptor x3 (Chrono Boost), Pylon  
  175  13:24  Photon Cannon  
  175  13:26  Photon Cannon, Stargate  
  175  13:27  Stargate  
  175  13:30  Photon Cannon, Fleet Beacon  
  169  13:36  Warp Prism (Chrono Boost)  
  169  13:39  Warp Prism x2 (Chrono Boost)  
  173  14:27  Protoss Air Weapons Level 1 (Chrono Boost)  
  171  14:55  Stalker x6  
  171  14:56  Zealot, Stalker x6  
  171  14:58  Zealot  
  155  15:32  Protoss Shields Level 2 (Chrono Boost)  
  152  15:50  Observer  
  152  15:52  Observer x3 (Chrono Boost)  
  155  16:01  Carrier x2 (Chrono Boost)  
  158  16:08  Dark Templar  
  157  16:11  Carrier (Chrono Boost)  
  157  16:13  Stalker x6  
  137  16:38  Cybernetics Core  
  137  16:40  Protoss Air Weapons Level 2 (Chrono Boost)  
  137  16:42  Probe x5  
  137  16:43  Probe  
  141  16:55  Probe x4, Carrier (Chrono Boost)  
  141  16:56  Probe x2, Carrier (Chrono Boost)  
  159  17:05  Carrier (Chrono Boost)  
  165  17:12  Pylon  
  165  17:14  Pylon  
  165  17:19  Stargate  
  165  17:20  Stargate  
  165  17:21  Stargate  
  165  17:33  Stalker x5  
  175  17:47  Warp Prism (Chrono Boost)  
  177  17:51  High Templar x3  
  177  17:52  High Templar, Carrier  
  177  17:53  Protoss Air Armor Level 1 (Chrono Boost), Mothership (Chrono Boost)  
  177  17:57  Carrier  
  198  18:20  Photon Cannon  
  198  18:22  Photon Cannon  
  198  18:24  Photon Cannon  
  198  18:55  Photon Cannon  
  198  18:57  Photon Cannon  
  198  18:58  Photon Cannon  
  198  19:00  Protoss Air Weapons Level 3 (Chrono Boost), Shield Battery, Protoss Shields Level 3  
  198  19:01  Shield Battery  
  198  19:02  Shield Battery  
  197  19:40  Dark Templar  
  197  20:10  Protoss Air Armor Level 2 (Chrono Boost)  
  197  20:55  Assimilator  
  197  21:04  Flux Vanes  
  195  21:07  Stalker x3  
  195  21:08  Stalker x4  
  167  21:52  Stalker x10  
  167  21:53  Stalker x11  
  149  22:31  Mothership (Chrono Boost)  
  149  22:33  Stalker x13  
  149  22:34  Stalker  
  179  22:46  Carrier x3 (Chrono Boost)  
  179  22:51  Observer  
  179  22:53  Assimilator  
  191  23:13  Stalker x2  
  191  23:14  Stalker x2  
  187  23:48  Carrier x2 (Chrono Boost)  
  175  24:39  Observer  
  175  24:40  Observer x2  
  177  25:10  Nexus  
  177  25:27  Nexus  
  175  25:29  Pylon  
  112  26:03  Carrier x5 (Chrono Boost)  
  112  26:04  Carrier (Chrono Boost)  
  147  26:14  Disruptor x3  
  155  26:22  Dark Templar  
  154  26:33  Assimilator  
  154  26:34  Assimilator  
  154  26:54  Void Ray x5  
  154  26:55  Void Ray  
  178  27:14  Nexus  
  174  27:33  Void Ray  
  174  27:34  Void Ray x4  
  172  27:37  Photon Cannon  
  192  27:52  Dark Templar  
  192  27:53  Nexus  
  192  27:55  Pylon  
  194  27:59  Warp Prism x2  
  198  28:18  High Templar  
  195  28:57  Observer  
  195  29:09  High Templar x2  
  199  29:21  Unknown  
  199  29:40  Protoss Air Armor Level 3 (Chrono Boost)  
  170  30:26  Stalker x9  
  170  30:27  Stalker x4  
  196  30:30  Zealot  
  196  30:31  Zealot  
  192  31:13  Nexus  
  190  31:23  Nexus  
  190  31:24  Void Ray x2  
  186  31:32  Zealot x2  
  186  31:33  Zealot x2  
  186  32:10  Observer (Chrono Boost)  
  187  32:27  Zealot x6  
  195  33:23  Nexus  
  195  33:39  Observer (Chrono Boost)  
  197  33:46  Observer (Chrono Boost)  
  197  33:47  Pylon  
  187  34:12  Zealot  
  187  34:13  Zealot x6  
  135  35:46  Stalker  
  135  35:47  Stalker x3  
  139  37:15  Nexus  
  139  37:17  Assimilator  
  139  37:20  Assimilator  
  139  37:40  Probe x2 (Chrono Boost)  
  139  37:50  Probe (Chrono Boost)  
  140  38:03  Observer  
  140  38:09  Probe  
  141  38:19  Observer  
  141  38:27  Probe  
  141  38:33  Observer  
  139  38:47  Observer (Chrono Boost)  
Tags
 
Add a new tag
Caveats
  • Supply blocks, unpowered buildings, or Contaminate may cause inaccurate times.
  • Supply counts are checked every 10 seconds.